AoeStats
← Athedge

Arabia

510564815Analyzed
1v1 RM · 2d ago on Oct 1, 2026· 79m 25s· 2 players
Game mode
Random Map
Map size
Tiny (2 player)
Population
200
Speed
Normal
Resources
Standard
Victory
Conquest
Starting age
Dark Age
Ending age
Imperial Age
RankedLock teamsTeams togetherTeam positionsShared explorationLock speedFull tech treeHidden civsTurbo modeCheats
Victory
Defeat
🇩🇪 Aztecs · Germany
830
+17
🇫🇷 Huns · France
854
-17
jneas
14:31 Feudal Age
12:47 Loom
15:35 Double-Bit Axe
15:32 Horse Collar
18:47 Castle Age
20:28 Crossbowman
21:51 Heavy Plow
22:04 Bow Saw
22:05 Fletching
24:42 Pikeman
25:22 Squires
28:57 Elite Skirmisher
30:03 Forging
30:00 Scale Mail Armor
36:49 Iron Casting
36:29 Chain Mail Armor
37:42 Arson
41:31 Imperial Age
39:39 Wheelbarrow
39:08 Bodkin Arrow
42:45 Conscription
44:26 Bracer
44:27 Padded Archer Armor
46:03 Eagle Warrior
47:27 Leather Archer Armor
47:42 Plate Mail Armor
48:18 Arbalester
49:50 Atlatl
50:16 Ballistics
51:15 Chemistry
54:04 Elite Eagle Warrior
57:48 Onager
63:12 Blast Furnace
62:29 Capped Ram
66:07 Garland Wars
73:11 Siege Ram
Athedge
12:36 Loom
14:22 Feudal Age
16:53 Horse Collar
18:22 Wheelbarrow
17:40 Double-Bit Axe
17:19 Man-at-Arms
17:50 Arson
21:01 Scale Barding Armor
21:07 Forging
25:14 Castle Age
23:25 Padded Archer Armor
24:32 Bloodlines
24:23 Fletching
26:30 Bow Saw
26:38 Hand Cart
26:26 Heavy Plow
26:03 Elite Skirmisher
28:29 Chain Barding Armor
28:14 Husbandry
29:26 Iron Casting
30:23 Gold Mining
30:23 Stone Mining
30:55 Town Watch
32:23 Masonry
33:15 Gold Shaft Mining
32:23 Light Cavalry
36:03 Bodkin Arrow
37:05 Ballistics
38:09 Leather Archer Armor
38:48 Thumb Ring
45:59 Imperial Age
44:47 Fervor
46:00 Murder Holes
47:52 Chemistry
47:16 Conscription
47:24 Parthian Tactics
47:21 Bracer
47:48 Heavy Cavalry Archer
49:31 Town Patrol
53:41 Parthian Tactics
53:55 Plate Barding Armor
54:22 Blast Furnace
53:25 Marauders
60:32 Hussar
66:24 Elite Tarkan
68:45 Sappers
Connection lost

Rejoining the realm…

Still unreachable

The connection could not be restored.

Session expired

The server has moved on; the page needs a fresh start.